Map: Frozen Temple

Players

llllllllllll - Winner!

  • Race: Terran Terran
  • League: Master

Miszu

  • Race: Terran Terran
  • League: Master

VOD

Have the link to the VOD?

Description

Time

  • Played on: May 10, 2016, 10:41 a.m.
  • Length: 3:42
Show
View Real Time Build Order
Export as new Build Order

llllllllllll Terran - Winner!

Build Orders:  

Get SALT Encoding   

  12  0:01  SCV  
  13  0:13  SCV  
  14  0:18  Supply Depot  
  14  0:25  SCV  
  15  0:39  SCV  
  15  0:40  Barracks  
  16  0:46  Refinery  
  16  1:00  Barracks  
  16  1:14  Barracks  
  16  1:21  Refinery  
  16  1:30  Reaper  
  17  1:38  Supply Depot  
  17  1:48  Reaper  
  18  2:01  Reaper  
  18  2:04  Reaper  
  20  2:20  Reaper  
  21  2:33  Reaper  
  21  2:36  Reaper  
  23  2:39  Orbital Command  
  23  2:53  Reaper  
  24  3:08  Reaper  
Show
View Real Time Build Order
Export as new Build Order

Miszu Terran 

Build Orders: 1/1/1 

Get SALT Encoding   

  12  0:01  SCV  
  13  0:13  SCV  
  14  0:18  Supply Depot  
  14  0:25  SCV  
  15  0:29  Refinery  
  15  0:39  SCV  
  16  0:46  Barracks  
  16  0:52  SCV  
  16  0:57  Refinery  
  17  1:04  SCV  
  18  1:16  SCV  
  19  1:29  SCV  
  20  1:34  Factory  
  20  1:35  Reaper  
  21  1:41  SCV  
  22  1:53  Orbital Command  
  22  2:07  Reaper  
  23  2:20  Starport  
  23  2:26  Supply Depot  
  23  2:44  Hellion  
  23  2:48  Reaper, SCV  
  25  2:56  Medivac  
  25  2:57  Supply Depot  
  27  3:06  Hellion  
  27  3:09  SCV  
Tags
 
Matchup
TvT
Opening
1/1/1
Race
Terran
Add a new tag
Caveats
  • Supply blocks, unpowered buildings, or Contaminate may cause inaccurate times.
  • Supply counts are checked every 10 seconds.